TOP OF THE 1ST |
Vancouver Vipers batting - Pitching for Spokane Trappers : LHP Miguel Martínez
|
Pitching: LHP Miguel Martínez
|
|
Batting: RHB Cristo Gilera
|
0-0: Ball 1-0: Foul Ball, location: 2F 1-1: Fly out, F8 (Flyball, 8LS)
|
Batting: RHB Salvador Medine
|
0-0: SINGLE (Flyball, 78S)
|
Batting: RHB Francisco Rodríguez
|
0-0: Called Strike 0-1: Ball 1-1: Ball 2-1: Fly out, F9 (Popup, 4D)
|
Batting: SHB Henry Copeland
|
0-0: Ball 1-0: Swinging Strike 1-1: Ball 2-1: Ball 3-1: Base on Balls Salvador Medine to second
|
Batting: RHB Lorenzo González
|
0-0: Ball 1-0: Ball 2-0: Ball 3-0: Called Strike 3-1: Called Strike 3-2: Base on Balls Salvador Medine to third Henry Copeland to second
|
Batting: LHB Javier Matos
|
0-0: Ball 1-0: Fly out, F5 (Line Drive, 56)
|
Top of the 1st over - 0 run(s), 1 hit(s), 0 error(s), 3 left on base; Vancouver 0 - Spokane 0 |
BOTTOM OF THE 1ST |
Spokane Trappers batting - Pitching for Vancouver Vipers : RHP Javier Toledo
|
Pitching: RHP Javier Toledo
|
|
Batting: LHB Jaime Padilla
|
0-0: SINGLE (Line Drive, 6D)
|
Batting: RHB John Craig
|
0-0: Ball Jaime Padilla is caught stealing 2nd base 1-0: Ball 2-0: SINGLE (Groundball, 6MD)
|
Batting: RHB Pedro Rodríguez
|
0-0: Ball 1-0: Ground out 4-3 (Groundball, 4S) John Craig to second
|
Batting: LHB Fernando Pérez
|
0-0: Called Strike 0-1: Swinging Strike 0-2: Strikes out looking
|
Bottom of the 1st over - 0 run(s), 2 hit(s), 0 error(s), 1 left on base; Vancouver 0 - Spokane 0 |
TOP OF THE 2ND |
Vancouver Vipers batting - Pitching for Spokane Trappers : LHP Miguel Martínez
|
Batting: LHB Mike Williams
|
0-0: Ground out 4-3 (Groundball, 4)
|
Batting: RHB Guillermo Sánchez
|
0-0: Called Strike 0-1: Called Strike 0-2: Ball 1-2: Ball 2-2: Ball 3-2: Strikes out swinging
|
Batting: RHB Steve Bender
|
0-0: Ground out 6-3 (Groundball, 6)
|
Top of the 2nd over - 0 run(s), 0 hit(s), 0 error(s), 0 left on base; Vancouver 0 - Spokane 0 |
BOTTOM OF THE 2ND |
Spokane Trappers batting - Pitching for Vancouver Vipers : RHP Javier Toledo
|
Batting: LHB José Feliciano
|
0-0: Called Strike 0-1: Ball 1-1: Foul Ball, location: 2F 1-2: Ball 2-2: Strikes out looking
|
Batting: RHB Ramiro Ross
|
0-0: Called Strike 0-1: Ground out 5-3 (Groundball, 5)
|
Batting: LHB Pete Carter
|
0-0: Reached on error, E4 (Groundball, 34)
|
Batting: LHB Melvin White
|
0-0: Ball 1-0: Ball 2-0: Foul Ball, location: 2F 2-1: Called Strike 2-2: Ball 3-2: Base on Balls Pete Carter to second
|
Batting: RHB Toru Nakanishi
|
0-0: Ball 1-0: Fielders Choice at 2nd, U6 (Groundball, 6M)
|
Bottom of the 2nd over - 0 run(s), 0 hit(s), 1 error(s), 2 left on base; Vancouver 0 - Spokane 0 |
TOP OF THE 3RD |
Vancouver Vipers batting - Pitching for Spokane Trappers : LHP Miguel Martínez
|
Batting: RHB Cristo Gilera
|
0-0: Called Strike 0-1: Ground out 6-3 (Groundball, 6M)
|
Batting: RHB Salvador Medine
|
0-0: Ball 1-0: Swinging Strike 1-1: Fly out, F7 (Line Drive, 78S)
|
Batting: RHB Francisco Rodríguez
|
0-0: Foul Ball, location: 2F 0-1: Fly out, F8 (Flyball, 8RD)
|
Top of the 3rd over - 0 run(s), 0 hit(s), 0 error(s), 0 left on base; Vancouver 0 - Spokane 0 |
BOTTOM OF THE 3RD |
Spokane Trappers batting - Pitching for Vancouver Vipers : RHP Javier Toledo
|
Batting: LHB Jaime Padilla
|
0-0: Swinging Strike 0-1: Ball 1-1: Fly out, F7 (Flyball, 7M)
|
Batting: RHB John Craig
|
0-0: Ball 1-0: SINGLE (Flyball, 9LM)
|
Batting: RHB Pedro Rodríguez
|
0-0: Ball 1-0: Ground out 5-3 (Groundball, 56S) John Craig to second
|
Batting: LHB Fernando Pérez
|
0-0: Ball 1-0: SINGLE (Groundball, 4MD) John Craig to third Runner from 3rd tries for Home, SAFE, no throw or cutoff
|
Batting: LHB José Feliciano
|
0-0: Ball 1-0: Ground out 3-1 (Groundball, 34)
|
Bottom of the 3rd over - 1 run(s), 2 hit(s), 0 error(s), 1 left on base; Vancouver 0 - Spokane 1 |
TOP OF THE 4TH |
Vancouver Vipers batting - Pitching for Spokane Trappers : LHP Miguel Martínez
|
Batting: SHB Henry Copeland
|
0-0: DOUBLE (Line Drive, 78XD)
|
Batting: RHB Lorenzo González
|
0-0: Ball 1-0: Called Strike 1-1: Fly out, F8 (Line Drive, 8LM)
|
Batting: LHB Javier Matos
|
0-0: Ball 1-0: Called Strike 1-1: Foul Ball, location: 2F 1-2: Strikes out looking
|
Batting: LHB Mike Williams
|
0-0: Swinging Strike 0-1: Ball 1-1: Foul Ball, location: 2F 1-2: Ball 2-2: Ball 3-2: Foul Ball, location: 2F 3-2: Base on Balls
|
Batting: RHB Guillermo Sánchez
|
0-0: Called Strike 0-1: Swinging Strike 0-2: SINGLE (Flyball, 8RS) Henry Copeland to third Mike Williams to second
|
Batting: RHB Steve Bender
|
0-0: Ground out 4-3 (Groundball, 4)
|
Top of the 4th over - 0 run(s), 2 hit(s), 0 error(s), 3 left on base; Vancouver 0 - Spokane 1 |
BOTTOM OF THE 4TH |
Spokane Trappers batting - Pitching for Vancouver Vipers : RHP Javier Toledo
|
Batting: RHB Ramiro Ross
|
0-0: Ball 1-0: Called Strike 1-1: Ball 2-1: Ball 3-1: Swinging Strike 3-2: Ground out 5-3 (Groundball, 56)
|
Batting: LHB Pete Carter
|
0-0: Called Strike 0-1: Ball 1-1: Swinging Strike 1-2: Strikes out swinging
|
Batting: LHB Melvin White
|
0-0: Foul Ball, location: 2F 0-1: Foul Ball, location: 2F 0-2: Ball 1-2: SINGLE (Groundball, 56D)
|
Batting: RHB Toru Nakanishi
|
0-0: Fly out, F9 (Line Drive, 9D)
|
Bottom of the 4th over - 0 run(s), 1 hit(s), 0 error(s), 1 left on base; Vancouver 0 - Spokane 1 |
TOP OF THE 5TH |
Vancouver Vipers batting - Pitching for Spokane Trappers : LHP Miguel Martínez
|
Batting: RHB Cristo Gilera
|
0-0: Called Strike 0-1: Ball 1-1: Foul Ball, location: 2F 1-2: Ground out 6-3 (Groundball, 6)
|
Batting: RHB Salvador Medine
|
0-0: Fly out, F8 (Flyball, 8RM)
|
Batting: RHB Francisco Rodríguez
|
0-0: Ground out 6-3 (Groundball, 6M)
|
Top of the 5th over - 0 run(s), 0 hit(s), 0 error(s), 0 left on base; Vancouver 0 - Spokane 1 |
BOTTOM OF THE 5TH |
Spokane Trappers batting - Pitching for Vancouver Vipers : RHP Javier Toledo
|
Batting: LHB Jaime Padilla
|
0-0: Called Strike 0-1: Foul Ball, location: 2F 0-2: Ball 1-2: Strikes out swinging
|
Batting: RHB John Craig
|
0-0: Ball 1-0: Ball 2-0: Ball 3-0: Called Strike 3-1: Foul Ball, location: 2F 3-2: Base on Balls
|
Batting: RHB Pedro Rodríguez
|
0-0: Ball 1-0: Called Strike 1-1: Foul Ball, location: 2F 1-2: Foul Ball, location: 2F 1-2: Foul Ball, location: 2F 1-2: Strikes out looking
|
Batting: LHB Fernando Pérez
|
0-0: Ball 1-0: Ball 2-0: Foul Ball, location: 2F 2-1: Ball 3-1: Foul Ball, location: 2F 3-2: Foul Ball, location: 2F 3-2: 2-RUN HOME RUN (Flyball, 89XD), Distance : 399 ft
|
Batting: LHB José Feliciano
|
0-0: SINGLE (Line Drive, 8LS)
|
Batting: RHB Ramiro Ross
|
0-0: Ball 1-0: Foul Ball, location: 2F 1-1: Swinging Strike 1-2: Ball 2-2: 2-RUN HOME RUN (Flyball, 78XD), Distance : 401 ft
|
Batting: LHB Pete Carter
|
0-0: Called Strike 0-1: Fly out, F7 (Flyball, 78M)
|
Bottom of the 5th over - 4 run(s), 3 hit(s), 0 error(s), 0 left on base; Vancouver 0 - Spokane 5 |
TOP OF THE 6TH |
Vancouver Vipers batting - Pitching for Spokane Trappers : LHP Miguel Martínez
|
Batting: SHB Henry Copeland
|
0-0: Ball 1-0: Called Strike 1-1: Ball 2-1: Ball 3-1: Foul Ball, location: 2F 3-2: Foul Ball, location: 2F 3-2: Foul Ball, location: 2F 3-2: Base on Balls
|
Batting: RHB Lorenzo González
|
0-0: Called Strike 0-1: Grounds into double play, 6-4-3 (Groundball, 6)
|
Batting: LHB Javier Matos
|
0-0: Fly out, F9 (Flyball, 9M)
|
Top of the 6th over - 0 run(s), 0 hit(s), 0 error(s), 0 left on base; Vancouver 0 - Spokane 5 |
BOTTOM OF THE 6TH |
Spokane Trappers batting - Pitching for Vancouver Vipers : RHP Javier Toledo
|
Batting: LHB Melvin White
|
0-0: Ball 1-0: Ball 2-0: Ball 3-0: Called Strike 3-1: Ground out 4-3 (Groundball, 4)
|
Batting: RHB Toru Nakanishi
|
0-0: Ball 1-0: Ball 2-0: Fly out, F7 (Flyball, 7M)
|
Batting: LHB Jaime Padilla
|
0-0: SOLO HOME RUN (Flyball, 7D), Distance : 373 ft
|
Batting: RHB John Craig
|
0-0: Called Strike 0-1: Swinging Strike 0-2: Ball 1-2: Fly out, F9 (Flyball, 9S)
|
Bottom of the 6th over - 1 run(s), 1 hit(s), 0 error(s), 0 left on base; Vancouver 0 - Spokane 6 |
TOP OF THE 7TH |
Vancouver Vipers batting - Pitching for Spokane Trappers : LHP Miguel Martínez
|
Batting: LHB Mike Williams
|
0-0: Ball 1-0: DOUBLE (Flyball, 9M)
|
Batting: RHB Guillermo Sánchez
|
0-0: Ball 1-0: Fly out, F8 (Flyball, 8LM) Runner from 2nd tags up, SAFE at 3rd with throw
|
Batting: RHB Steve Bender
|
0-0: Called Strike 0-1: Foul Ball, location: 2F 0-2: Ball 1-2: Ball 2-2: Ball 3-2: SINGLE (Line Drive, 6MD) Mike Williams scores
|
Batting: RHB Cristo Gilera
|
0-0: Swinging Strike 0-1: Foul Ball, location: 2F 0-2: Ball Wild Pitch! Steve Bender to second 1-2: Strikes out looking
|
Batting: RHB Salvador Medine
|
0-0: Ball 1-0: Ball 2-0: Foul Ball, location: 2F 2-1: Fly out, F8 (Line Drive, 8RM)
|
Top of the 7th over - 1 run(s), 2 hit(s), 0 error(s), 1 left on base; Vancouver 1 - Spokane 6 |
BOTTOM OF THE 7TH |
Spokane Trappers batting - Pitching for Vancouver Vipers : RHP Javier Toledo
|
Pitching: RHP José Vargas
|
|
Batting: RHB Pedro Rodríguez
|
0-0: Ball 1-0: Ground out 6-3 (Groundball, 6MS)
|
Batting: LHB Fernando Pérez
|
0-0: Ball 1-0: Ground out U3 (Groundball, 3S)
|
Batting: LHB José Feliciano
|
0-0: Ball 1-0: SOLO HOME RUN (Flyball, 9LD), Distance : 354 ft
|
Batting: RHB Ramiro Ross
|
0-0: Ball 1-0: Foul Ball, location: 2F 1-1: Foul Ball, location: 2F 1-2: Ground out 5-3 (Groundball, 56S)
|
Bottom of the 7th over - 1 run(s), 1 hit(s), 0 error(s), 0 left on base; Vancouver 1 - Spokane 7 |
TOP OF THE 8TH |
Vancouver Vipers batting - Pitching for Spokane Trappers : LHP Miguel Martínez
|
Pitching: RHP Ching-wei Zi
|
|
Batting: RHB Francisco Rodríguez
|
0-0: Swinging Strike 0-1: Foul Ball, location: 2F 0-2: Ball 1-2: Strikes out swinging
|
Batting: SHB Henry Copeland
|
0-0: Swinging Strike 0-1: Ball 1-1: Ball 2-1: Foul Ball, location: 2F 2-2: Strikes out swinging
|
Batting: RHB Lorenzo González
|
0-0: Ball 1-0: Called Strike 1-1: Called Strike 1-2: DOUBLE (Flyball, 7LD)
|
Batting: LHB Javier Matos
|
0-0: Ball 1-0: Ball 2-0: Ground out 6-3 (Groundball, 6M)
|
Top of the 8th over - 0 run(s), 1 hit(s), 0 error(s), 1 left on base; Vancouver 1 - Spokane 7 |
BOTTOM OF THE 8TH |
Spokane Trappers batting - Pitching for Vancouver Vipers : RHP José Vargas
|
Batting: LHB Pete Carter
|
0-0: Foul Ball, location: 2F 0-1: Ball 1-1: Swinging Strike 1-2: Strikes out swinging
|
Batting: LHB Melvin White
|
0-0: Ball 1-0: Swinging Strike 1-1: Ground out 4-3 (Groundball, 4M)
|
Batting: RHB Toru Nakanishi
|
0-0: Ball 1-0: Called Strike 1-1: Ball 2-1: Ball 3-1: Called Strike 3-2: Strikes out swinging
|
Bottom of the 8th over - 0 run(s), 0 hit(s), 0 error(s), 0 left on base; Vancouver 1 - Spokane 7 |
TOP OF THE 9TH |
Vancouver Vipers batting - Pitching for Spokane Trappers : RHP Ching-wei Zi
|
Batting: LHB Mike Williams
|
0-0: Ground out 6-3 (Groundball, 6M)
|
Batting: RHB Guillermo Sánchez
|
0-0: Ball 1-0: Ball 2-0: Called Strike 2-1: Foul Ball, location: 2F 2-2: Strikes out looking
|
Batting: RHB Steve Bender
|
0-0: Ball 1-0: Ball 2-0: Foul Ball, location: 2F 2-1: Ball 3-1: SINGLE (Flyball, 7S)
|
Batting: RHB Cristo Gilera
|
0-0: Ball 1-0: Ball 2-0: Called Strike 2-1: Ground out 6-3 (Groundball, 6)
|
Top of the 9th over - 0 run(s), 1 hit(s), 0 error(s), 1 left on base; Vancouver 1 - Spokane 7 |
|